[ AOE2 MATCH · #466239683 ]
Team RMHuns vs Muisca
[ REPLAY ANALYSIS · EXTRACTED FROM THE RECORDED GAME ]
Feudal
10:59
Castle
14:34
Imperial
31:09
| APM avg | 45.3 |
| APM peak | 95 |
| eAPM avg | 19.7 |
| Villagers / military | 145 / 150 |
Focus
⚔️ 44.0% · 🌾 56.0%
Cavalry Archer ×86 · Knight ×43 · Scout Cavalry ×12 · Trebuchet (Packed) ×9
Feudal
11:03
Castle
14:44
Imperial
32:25
| APM avg | 24.5 |
| APM peak | 52 |
| eAPM avg | 17.1 |
| Villagers / military | 149 / 23 |
Focus
⚔️ 29.8% · 🌾 70.2%
Unknown (2550) ×166 · Unknown (2586) ×13 · Scorpion ×8 · Archer ×6 · Mangonel ×5 · Petard ×3
Feudal
10:57
Castle
13:40
Imperial
28:54
| APM avg | 33.3 |
| APM peak | 82 |
| eAPM avg | 15.3 |
| Villagers / military | 148 / 64 |
Focus
⚔️ 23.3% · 🌾 76.7%
Battle Elephant ×57 · Trebuchet (Packed) ×4 · Ballista Elephant ×3
Feudal
11:48
Castle
15:18
Imperial
—
| APM avg | 25.7 |
| APM peak | 62 |
| eAPM avg | 19.2 |
| Villagers / military | 102 / 1 |
Focus
⚔️ 9.6% · 🌾 90.4%
Unknown (1944) ×12 · Unknown (1968) ×7 · Spearman ×1
Feudal
11:00
Castle
14:40
Imperial
35:39
| APM avg | 35.6 |
| APM peak | 60 |
| eAPM avg | 27.0 |
| Villagers / military | 169 / 121 |
Focus
⚔️ 33.9% · 🌾 66.1%
Militia ×93 · Samurai ×13 · Battering Ram ×11 · Spearman ×4
Feudal
11:41
Castle
15:18
Imperial
30:04
| APM avg | 26.6 |
| APM peak | 76 |
| eAPM avg | 17.0 |
| Villagers / military | 143 / 168 |
Focus
⚔️ 28.8% · 🌾 71.2%
Spearman ×88 · Knight ×74 · Missionary ×3 · Bombard Cannon ×3
Feudal
11:21
Castle
14:51
Imperial
29:48
| APM avg | 34.9 |
| APM peak | 71 |
| eAPM avg | 21.8 |
| Villagers / military | 146 / 172 |
Focus
⚔️ 37.2% · 🌾 62.8%
Militia ×97 · Centurion ×31 · Scorpion ×21 · Spearman ×19 · Battering Ram ×4
Feudal
10:58
Castle
15:44
Imperial
29:51
| APM avg | 46.8 |
| APM peak | 86 |
| eAPM avg | 24.1 |
| Villagers / military | 138 / 65 |
Focus
⚔️ 20.7% · 🌾 79.3%
Hand Cannoneer ×41 · Mangonel ×19 · Spearman ×2 · Monk ×2 · Trebuchet (Packed) ×1
Match map
Resources at game start + every placement click. Thick line = wall · dashed box = detected house wall. 🟡 gold · ⚪ stone · 🟢 berries · 🔶 boar · ⭕ relic
Inputs per minute
— kampert - - 夕岚飞鸟还
Build order — kampert
First 150 of 348 actions detected
| 0:02 | Create | Villager (Male) |
| 0:02 | Create | Villager (Male) |
| 0:06 | Create | Villager (Male) |
| 0:06 | Create | Villager (Male) |
| 0:06 | Create | Villager (Male) |
| 1:19 | Create | Villager (Male) |
| 1:19 | Create | Villager (Male) |
| 1:50 | Build | Lumber Camp |
| 1:52 | Build | Lumber Camp |
| 1:55 | Create | Villager (Male) |
| 1:55 | Create | Villager (Male) |
| 2:04 | Create | Villager (Male) |
| 2:04 | Create | Villager (Male) |
| 2:35 | Create | Villager (Male) |
| 2:53 | Create | Villager (Male) |
| 3:28 | Create | Villager (Male) |
| 3:29 | Create | Villager (Male) |
| 3:47 | Create | Villager (Male) |
| 3:48 | Create | Villager (Male) |
| 4:39 | Create | Villager (Male) |
| 4:39 | Create | Villager (Male) |
| 4:40 | Create | Villager (Male) |
| 5:01 | Create | Villager (Male) |
| 5:01 | Create | Villager (Male) |
| 5:42 | Build | Mining Camp |
| 5:52 | Create | Villager (Male) |
| 6:14 | Create | Villager (Male) |
| 6:30 | Create | Villager (Male) |
| 6:30 | Create | Villager (Male) |
| 6:30 | Create | Villager (Male) |
| 7:07 | Create | Villager (Male) |
| 7:25 | Build | Mill |
| 7:36 | Create | Villager (Male) |
| 8:34 | Research | Feudal Age |
| 9:06 | Create | Villager (Male) |
| 9:06 | Create | Villager (Male) |
| 9:55 | Build | Farm |
| 10:10 | Build | Farm |
| 10:12 | Build | Farm |
| 10:18 | Build | Barracks |
| 10:42 | Build | Farm |
| 10:59 | Age | Feudal Age |
| 11:04 | Build | Mill |
| 11:08 | Build | Blacksmith |
| 11:12 | Build | Archery Range |
| 11:54 | Research | Castle Age |
| 11:58 | Build | Farm |
| 12:01 | Build | Farm |
| 12:18 | Build | Farm |
| 12:27 | Research | Horse Collar |
| 12:27 | Research | Horse Collar |
| 12:49 | Research | Double-Bit Axe |
| 13:04 | Build | Farm |
| 13:49 | Build | Archery Range |
| 13:50 | Research | Fletching |
| 14:26 | Create | Villager (Male) |
| 14:34 | Age | Castle Age |
| 14:37 | Create | Cavalry Archer |
| 14:37 | Create | Cavalry Archer |
| 14:38 | Create | Villager (Male) |
| 14:41 | Create | Cavalry Archer |
| 15:00 | Create | Villager (Male) |
| 15:11 | Create | Villager (Male) |
| 15:19 | Create | Cavalry Archer |
| 15:23 | Create | Villager (Male) |
| 15:24 | Research | Bow Saw |
| 16:04 | Create | Cavalry Archer |
| 16:21 | Create | Villager (Male) |
| 16:25 | Build | Town Center |
| 16:30 | Create | Cavalry Archer |
| 16:36 | Create | Villager (Male) |
| 16:50 | Build | Farm |
| 16:52 | Build | Farm |
| 16:54 | Build | Farm |
| 17:03 | Create | Cavalry Archer |
| 17:05 | Create | Villager (Male) |
| 17:27 | Create | Cavalry Archer |
| 17:41 | Create | Villager (Male) |
| 18:03 | Create | Cavalry Archer |
| 18:04 | Create | Villager (Male) |
| 18:14 | Build | Town Center |
| 18:16 | Create | Villager (Male) |
| 18:23 | Build | Farm |
| 18:32 | Research | Bodkin Arrow |
| 18:32 | Research | Bodkin Arrow |
| 18:52 | Create | Cavalry Archer |
| 18:54 | Create | Villager (Male) |
| 19:02 | Create | Cavalry Archer |
| 19:03 | Create | Villager (Male) |
| 19:03 | Create | Villager (Male) |
| 19:09 | Create | Villager (Male) |
| 19:13 | Build | Farm |
| 19:13 | Build | Farm |
| 19:14 | Build | Farm |
| 19:19 | Create | Cavalry Archer |
| 19:20 | Create | Villager (Male) |
| 19:25 | Build | Farm |
| 19:29 | Create | Villager (Male) |
| 19:30 | Create | Villager (Male) |
| 19:42 | Create | Cavalry Archer |
| 19:45 | Build | Farm |
| 19:50 | Create | Villager (Male) |
| 20:02 | Create | Cavalry Archer |
| 20:02 | Create | Cavalry Archer |
| 20:09 | Create | Villager (Male) |
| 20:10 | Create | Villager (Male) |
| 20:12 | Build | Farm |
| 20:16 | Build | Farm |
| 20:21 | Build | Farm |
| 20:23 | Create | Villager (Male) |
| 20:23 | Create | Villager (Male) |
| 20:26 | Create | Cavalry Archer |
| 21:00 | Create | Villager (Male) |
| 21:00 | Create | Villager (Male) |
| 21:01 | Create | Cavalry Archer ×2 |
| 21:08 | Build | Farm |
| 21:10 | Build | Farm |
| 21:17 | Create | Villager (Male) |
| 21:29 | Create | Villager (Male) |
| 21:29 | Create | Villager (Male) |
| 21:30 | Create | Villager (Male) |
| 21:34 | Build | Farm |
| 21:35 | Build | Farm |
| 21:38 | Build | Farm |
| 21:43 | Create | Cavalry Archer |
| 21:47 | Create | Villager (Male) |
| 21:48 | Create | Villager (Male) |
| 21:52 | Create | Villager (Male) |
| 21:55 | Build | Farm |
| 21:57 | Build | Farm |
| 22:02 | Create | Villager (Male) |
| 22:04 | Build | Lumber Camp |
| 22:21 | Create | Villager (Male) |
| 22:22 | Create | Villager (Male) |
| 22:37 | Create | Villager (Male) |
| 22:38 | Research | Wheelbarrow |
| 22:51 | Create | Villager (Male) |
| 22:51 | Create | Villager (Male) |
| 22:56 | Build | Mining Camp |
| 22:59 | Create | Villager (Male) |
| 23:03 | Build | Farm |
| 23:04 | Build | Farm |
| 23:05 | Build | Farm |
| 23:06 | Build | Farm |
| 23:06 | Create | Cavalry Archer |
| 23:07 | Create | Cavalry Archer |
| 23:07 | Create | Cavalry Archer |
| 23:16 | Research | Padded Archer Armor |
| 23:23 | Build | University |
| 23:33 | Create | Cavalry Archer ×3 |
Build order — 夕岚飞鸟还
First 150 of 404 actions detected
| 0:01 | Create | Villager (Male) |
| 0:01 | Create | Villager (Male) |
| 0:02 | Create | Villager (Male) |
| 0:02 | Create | Villager (Male) |
| 0:03 | Build | House |
| 0:05 | Build | House |
| 1:24 | Create | Villager (Male) |
| 1:24 | Create | Villager (Male) |
| 1:49 | Build | Settlement |
| 1:58 | Create | Villager (Male) |
| 2:29 | Create | Villager (Male) |
| 2:55 | Create | Villager (Male) |
| 2:56 | Create | Villager (Male) |
| 3:12 | Create | Villager (Male) |
| 3:12 | Create | Villager (Male) |
| 3:44 | Create | Villager (Male) |
| 3:45 | Create | Villager (Male) |
| 3:55 | Build | Settlement |
| 4:16 | Create | Villager (Male) |
| 4:58 | Create | Villager (Male) |
| 4:58 | Create | Villager (Male) |
| 5:38 | Create | Villager (Male) |
| 6:17 | Create | Villager (Male) |
| 6:17 | Create | Villager (Male) |
| 6:17 | Create | Villager (Male) |
| 7:12 | Build | Settlement |
| 7:21 | Create | Villager (Male) |
| 7:21 | Create | Villager (Male) |
| 8:23 | Create | Villager (Male) |
| 8:53 | Research | Feudal Age |
| 10:50 | Create | Villager (Male) |
| 10:50 | Create | Villager (Male) |
| 11:03 | Age | Feudal Age |
| 11:06 | Build | Market |
| 11:10 | Build | Blacksmith |
| 12:00 | Build | Farm |
| 12:03 | Build | Farm |
| 12:04 | Research | Castle Age |
| 12:09 | Research | Double-Bit Axe |
| 12:27 | Build | Farm |
| 12:28 | Build | Farm |
| 12:30 | Build | Farm |
| 12:32 | Build | Farm |
| 12:44 | Research | Horse Collar |
| 14:19 | Build | Barracks |
| 14:44 | Age | Castle Age |
| 14:47 | Create | Villager (Male) |
| 14:48 | Create | Villager (Male) |
| 15:01 | Create | Villager (Male) |
| 15:08 | Build | Town Center |
| 15:16 | Build | Town Center |
| 15:19 | Build | Farm |
| 15:22 | Research | Bow Saw |
| 15:27 | Build | House |
| 15:34 | Create | Villager (Male) |
| 15:46 | Build | Farm |
| 15:51 | Build | House |
| 15:53 | Build | House |
| 16:06 | Build | House |
| 16:14 | Build | House |
| 16:15 | Build | House |
| 16:17 | Create | Villager (Male) |
| 16:18 | Create | Villager (Male) |
| 16:18 | Create | Villager (Male) |
| 16:20 | Build | Farm |
| 16:25 | Build | Farm |
| 16:26 | Build | Farm |
| 16:52 | Build | Outpost |
| 16:55 | Create | Villager (Male) |
| 16:55 | Create | Villager (Male) |
| 16:56 | Create | Villager (Male) |
| 17:00 | Build | Farm |
| 17:03 | Build | Farm |
| 17:07 | Build | Farm |
| 17:13 | Build | Farm |
| 17:16 | Create | Villager (Male) |
| 17:17 | Create | Villager (Male) |
| 17:17 | Create | Villager (Male) |
| 17:20 | Build | Farm |
| 17:40 | Build | House |
| 17:43 | Create | Villager (Male) |
| 17:43 | Create | Villager (Male) |
| 18:20 | Build | Siege Workshop |
| 18:27 | Build | House |
| 18:29 | Create | Villager (Male) |
| 18:30 | Create | Villager (Male) |
| 18:37 | Build | Farm |
| 18:38 | Build | Farm |
| 18:38 | Build | Farm |
| 18:38 | Build | Farm |
| 18:48 | Create | Villager (Male) |
| 18:49 | Create | Villager (Male) |
| 18:49 | Create | Villager (Male) |
| 19:02 | Build | House |
| 19:04 | Build | House |
| 19:05 | Build | House |
| 19:08 | Create | Mangonel |
| 19:19 | Build | Building 490 |
| 19:26 | Build | Stone Wall |
| 19:30 | Create | Villager (Male) |
| 19:30 | Create | Villager (Male) |
| 19:30 | Create | Villager (Male) |
| 19:31 | Create | Villager (Male) |
| 19:31 | Create | Villager (Male) |
| 19:32 | Create | Villager (Male) |
| 19:47 | Build | Farm |
| 19:49 | Build | Farm |
| 19:53 | Build | Farm |
| 19:56 | Build | Farm |
| 19:59 | Build | Farm |
| 20:02 | Build | Farm |
| 20:04 | Create | Villager (Male) |
| 20:05 | Create | Villager (Male) |
| 20:05 | Create | Villager (Male) |
| 20:12 | Create | Villager (Male) |
| 20:26 | Build | Town Center |
| 20:32 | Build | House |
| 20:34 | Build | House |
| 21:02 | Create | Villager (Male) |
| 21:03 | Create | Villager (Male) |
| 21:03 | Create | Villager (Male) |
| 21:03 | Create | Villager (Male) |
| 21:14 | Create | Villager (Male) |
| 21:14 | Create | Villager (Male) |
| 21:25 | Build | House |
| 21:27 | Build | House |
| 21:34 | Build | House |
| 21:35 | Build | House |
| 21:37 | Build | House |
| 21:38 | Build | House |
| 21:40 | Create | Villager (Male) |
| 21:40 | Create | Villager (Male) |
| 21:41 | Create | Villager (Male) |
| 21:41 | Create | Villager (Male) |
| 22:06 | Build | Settlement |
| 22:23 | Build | Siege Workshop |
| 22:32 | Create | Villager (Male) |
| 22:32 | Create | Villager (Male) |
| 22:33 | Create | Villager (Male) |
| 22:36 | Build | Farm |
| 22:36 | Build | Farm |
| 22:37 | Build | Farm |
| 22:37 | Build | Farm |
| 22:38 | Build | Farm |
| 22:49 | Build | Farm |
| 22:49 | Build | Farm |
| 22:50 | Build | Farm |
| 22:55 | Create | Villager (Male) |
| 22:55 | Create | Villager (Male) |
| 22:57 | Research | Gold Mining |
Build order — [ISOC] Suko
First 150 of 358 actions detected
| 0:01 | Create | Villager (Male) |
| 0:02 | Build | House |
| 0:03 | Build | House |
| 0:11 | Create | Villager (Male) |
| 0:30 | Create | Villager (Male) |
| 0:30 | Create | Villager (Male) |
| 0:30 | Create | Villager (Male) |
| 1:36 | Create | Villager (Male) |
| 1:37 | Create | Villager (Male) |
| 1:52 | Build | Lumber Camp |
| 2:03 | Create | Villager (Male) |
| 2:03 | Create | Villager (Male) |
| 2:03 | Create | Villager (Male) |
| 2:19 | Create | Villager (Male) |
| 2:51 | Create | Villager (Male) |
| 3:06 | Build | House |
| 3:13 | Build | House |
| 3:19 | Create | Villager (Male) |
| 3:40 | Create | Villager (Male) |
| 4:10 | Create | Villager (Male) |
| 4:34 | Build | Mill |
| 4:36 | Create | Villager (Male) |
| 4:57 | Create | Villager (Male) |
| 5:23 | Create | Villager (Male) |
| 5:23 | Create | Villager (Male) |
| 5:23 | Create | Villager (Male) |
| 5:48 | Create | Villager (Male) |
| 5:59 | Create | Villager (Male) |
| 6:24 | Create | Villager (Male) |
| 6:56 | Create | Villager (Male) |
| 7:13 | Build | Farm |
| 7:25 | Create | Villager (Male) |
| 7:39 | Build | Mining Camp |
| 7:41 | Create | Villager (Male) |
| 8:00 | Create | Villager (Male) |
| 8:35 | Research | Feudal Age |
| 8:55 | Build | Farm |
| 9:36 | Build | House |
| 9:43 | Build | House |
| 10:57 | Age | Feudal Age |
| 11:00 | Research | Castle Age |
| 11:00 | Research | Castle Age |
| 11:24 | Build | Mining Camp |
| 12:04 | Create | Villager (Male) |
| 13:20 | Create | Villager (Male) |
| 13:40 | Age | Castle Age |
| 13:46 | Build | Town Center |
| 13:57 | Build | Town Center |
| 14:12 | Create | Villager (Male) |
| 14:15 | Create | Villager (Male) |
| 14:29 | Create | Villager (Male) |
| 14:31 | Create | Villager (Male) |
| 14:53 | Build | Farm |
| 14:54 | Build | Farm |
| 14:55 | Build | Farm |
| 14:57 | Create | Villager (Male) |
| 14:58 | Build | Farm |
| 15:02 | Create | Villager (Male) |
| 15:05 | Create | Villager (Male) |
| 15:08 | Create | Villager (Male) |
| 15:10 | Create | Villager (Male) |
| 15:22 | Create | Villager (Male) |
| 15:37 | Create | Villager (Male) |
| 15:48 | Create | Villager (Male) |
| 15:55 | Create | Villager (Male) |
| 16:11 | Create | Villager (Male) |
| 16:12 | Build | Farm |
| 16:15 | Build | Farm |
| 16:17 | Build | Farm |
| 16:25 | Research | Loom |
| 16:36 | Create | Villager (Male) |
| 16:42 | Build | Farm |
| 17:03 | Create | Villager (Male) |
| 17:08 | Build | Farm |
| 17:10 | Build | Farm |
| 17:14 | Create | Villager (Male) |
| 17:29 | Build | House |
| 17:31 | Build | House |
| 17:32 | Build | House |
| 17:35 | Build | Farm |
| 17:40 | Create | Villager (Male) |
| 17:41 | Create | Villager (Male) |
| 18:08 | Create | Villager (Male) |
| 18:09 | Create | Villager (Male) |
| 18:12 | Build | Farm |
| 18:13 | Create | Villager (Male) |
| 18:18 | Build | House |
| 18:24 | Create | Villager (Male) |
| 18:30 | Build | Farm |
| 18:31 | Build | Farm |
| 18:37 | Build | Farm |
| 18:59 | Create | Villager (Male) |
| 19:04 | Create | Villager (Male) |
| 19:05 | Create | Villager (Male) |
| 19:12 | Build | Castle |
| 19:19 | Build | Farm |
| 19:20 | Build | Farm |
| 19:21 | Build | Farm |
| 19:27 | Create | Villager (Male) |
| 19:29 | Create | Villager (Male) |
| 19:29 | Create | Villager (Male) |
| 19:35 | Build | Town Center |
| 19:37 | Create | Villager (Male) |
| 19:37 | Create | Villager (Male) |
| 19:44 | Create | Villager (Male) |
| 19:58 | Create | Villager (Male) |
| 20:09 | Build | Stone Wall |
| 20:11 | Create | Villager (Male) |
| 20:12 | Create | Villager (Male) |
| 20:18 | Build | House |
| 20:20 | Build | House |
| 20:21 | Build | House |
| 20:25 | Build | Farm |
| 20:26 | Research | Horse Collar |
| 20:27 | Create | Villager (Male) |
| 20:27 | Create | Villager (Male) |
| 20:33 | Create | Villager (Male) |
| 20:39 | Create | Villager (Male) |
| 20:39 | Create | Villager (Male) |
| 20:54 | Create | Villager (Male) |
| 21:03 | Build | Building 487 |
| 21:11 | Build | Stone Wall |
| 21:18 | Create | Villager (Male) |
| 21:22 | Build | House |
| 21:23 | Build | House |
| 21:28 | Build | Farm |
| 21:29 | Build | Farm |
| 21:31 | Build | Farm |
| 21:33 | Build | Farm |
| 21:35 | Create | Villager (Male) |
| 21:38 | Create | Villager (Male) |
| 21:40 | Create | Villager (Male) |
| 21:40 | Create | Villager (Male) |
| 21:46 | Create | Villager (Male) |
| 21:48 | Create | Villager (Male) |
| 22:01 | Create | Villager (Male) |
| 22:04 | Create | Villager (Male) |
| 22:35 | Build | Farm |
| 22:36 | Create | Villager (Male) |
| 22:36 | Create | Villager (Male) |
| 22:41 | Build | Farm |
| 22:42 | Build | Farm |
| 22:43 | Build | Farm |
| 22:47 | Build | Farm |
| 22:49 | Build | Farm |
| 22:50 | Build | Farm |
| 22:52 | Build | Farm |
| 22:53 | Create | Villager (Male) |
| 22:56 | Create | Villager (Male) |
| 22:59 | Build | Farm |
Build order — Trunks
First 150 of 229 actions detected
| 0:03 | Create | Villager (Male) |
| 0:03 | Create | Villager (Male) |
| 0:03 | Create | Villager (Male) |
| 0:04 | Create | Villager (Male) |
| 0:07 | Build | House |
| 0:08 | Build | House |
| 1:24 | Create | Villager (Male) |
| 1:53 | Build | Lumber Camp |
| 2:01 | Create | Villager (Male) |
| 2:18 | Create | Villager (Male) |
| 2:48 | Create | Villager (Male) |
| 3:06 | Create | Villager (Male) |
| 3:38 | Create | Villager (Male) |
| 3:51 | Build | House |
| 3:56 | Create | Villager (Male) |
| 4:26 | Create | Villager (Male) |
| 4:41 | Build | Mill |
| 4:47 | Create | Villager (Male) |
| 4:47 | Create | Villager (Male) |
| 5:45 | Create | Villager (Male) |
| 5:45 | Create | Villager (Male) |
| 5:45 | Create | Villager (Male) |
| 5:57 | Build | House |
| 5:59 | Create | Villager (Male) |
| 6:17 | Build | House |
| 6:32 | Create | Villager (Male) |
| 7:18 | Create | Villager (Male) |
| 7:56 | Create | Villager (Male) |
| 8:08 | Create | Villager (Male) |
| 8:09 | Research | Loom |
| 8:17 | Build | Farm |
| 8:19 | Build | Farm |
| 8:29 | Build | Mining Camp |
| 9:13 | Research | Feudal Age |
| 9:20 | Build | Barracks |
| 9:47 | Create | Villager (Male) |
| 9:48 | Create | Villager (Male) |
| 11:14 | Build | Farm |
| 11:48 | Age | Feudal Age |
| 11:51 | Build | Stable |
| 11:53 | Build | Blacksmith |
| 12:19 | Build | House |
| 12:35 | Research | Castle Age |
| 12:40 | Research | Double-Bit Axe |
| 12:46 | Build | Farm |
| 12:48 | Build | Farm |
| 13:19 | Build | Farm |
| 13:21 | Build | Farm |
| 13:43 | Research | Horse Collar |
| 14:22 | Build | Farm |
| 14:33 | Create | Villager (Male) |
| 14:44 | Create | Spearman |
| 14:56 | Create | Villager (Male) |
| 15:17 | Create | Villager (Male) |
| 15:18 | Age | Castle Age |
| 15:39 | Build | Town Center |
| 15:41 | Create | Villager (Male) |
| 15:56 | Create | Villager (Male) |
| 16:19 | Create | Villager (Male) |
| 16:27 | Research | Husbandry |
| 16:47 | Build | Town Center |
| 16:59 | Create | Villager (Male) |
| 17:01 | Create | Villager (Male) |
| 17:08 | Create | Villager (Male) |
| 17:20 | Create | Villager (Male) |
| 17:25 | Create | Villager (Male) |
| 17:43 | Create | Villager (Male) |
| 17:52 | Create | Villager (Male) |
| 17:53 | Create | Villager (Male) |
| 17:57 | Build | Farm |
| 17:59 | Build | Farm |
| 18:00 | Create | Villager (Male) |
| 18:01 | Create | Villager (Male) |
| 18:04 | Build | Farm |
| 18:07 | Build | Farm |
| 18:11 | Create | Villager (Male) |
| 18:14 | Create | Villager (Male) |
| 18:20 | Build | House |
| 18:28 | Build | Farm |
| 18:38 | Create | Villager (Male) |
| 18:43 | Build | Farm |
| 18:45 | Create | Villager (Male) |
| 18:55 | Build | Farm |
| 18:59 | Build | House |
| 19:03 | Create | Villager (Male) |
| 19:09 | Build | Mining Camp |
| 19:23 | Create | Villager (Male) |
| 19:31 | Build | Farm |
| 19:37 | Build | Farm |
| 19:42 | Create | Villager (Male) |
| 19:43 | Create | Villager (Male) |
| 19:44 | Create | Villager (Male) |
| 19:53 | Build | Mill |
| 19:55 | Build | Farm |
| 19:56 | Build | Farm |
| 19:57 | Build | Farm |
| 19:59 | Create | Villager (Male) |
| 20:10 | Create | Villager (Male) |
| 20:17 | Build | Farm |
| 20:19 | Build | Farm |
| 20:20 | Build | Farm |
| 20:21 | Build | Farm |
| 20:23 | Create | Villager (Male) |
| 20:27 | Create | Villager (Male) |
| 20:33 | Build | House |
| 20:34 | Build | House |
| 20:36 | Create | Villager (Male) |
| 20:59 | Build | Farm |
| 20:59 | Create | Villager (Male) |
| 21:00 | Create | Villager (Male) |
| 21:01 | Create | Villager (Male) |
| 21:05 | Build | House |
| 21:08 | Build | House |
| 21:16 | Create | Villager (Male) |
| 21:22 | Create | Villager (Male) |
| 21:29 | Build | Farm |
| 21:30 | Build | Farm |
| 21:32 | Build | Farm |
| 21:33 | Build | Farm |
| 21:39 | Create | Villager (Male) |
| 21:42 | Create | Villager (Male) |
| 21:47 | Create | Villager (Male) |
| 21:48 | Create | Villager (Male) |
| 21:55 | Build | University |
| 22:01 | Build | House |
| 22:02 | Build | House |
| 22:03 | Create | Villager (Male) |
| 22:04 | Create | Villager (Male) |
| 22:05 | Create | Villager (Male) |
| 22:15 | Build | Farm |
| 22:19 | Build | Farm |
| 22:21 | Create | Villager (Male) |
| 22:23 | Create | Villager (Male) |
| 22:25 | Create | Villager (Male) |
| 22:45 | Create | Villager (Male) |
| 22:45 | Create | Villager (Male) |
| 22:46 | Create | Villager (Male) |
| 22:49 | Build | House |
| 23:03 | Create | Unit 1944 |
| 23:04 | Create | Unit 1944 |
| 23:05 | Create | Unit 1944 |
| 23:09 | Create | Unit 1944 |
| 23:17 | Build | Stable |
| 23:41 | Build | Castle |
| 23:47 | Create | Unit 1944 |
| 23:59 | Create | Unit 1944 |
| 24:04 | Create | Unit 1944 |
| 24:04 | Create | Unit 1944 |
| 24:21 | Create | Unit 1968 |
| 24:34 | Create | Unit 1944 |
Build order — surprise
First 150 of 488 actions detected
| 0:02 | Create | Villager (Male) |
| 0:03 | Create | Villager (Male) |
| 0:04 | Build | House |
| 0:05 | Build | House |
| 0:11 | Create | Villager (Male) |
| 0:15 | Create | Villager (Male) |
| 1:27 | Create | Villager (Male) |
| 1:48 | Build | Lumber Camp |
| 2:01 | Create | Villager (Male) |
| 2:01 | Create | Villager (Male) |
| 2:16 | Create | Villager (Male) |
| 2:47 | Create | Villager (Male) |
| 2:47 | Create | Villager (Male) |
| 3:18 | Create | Villager (Male) |
| 3:18 | Create | Villager (Male) |
| 3:30 | Build | House |
| 3:42 | Create | Villager (Male) |
| 3:42 | Create | Villager (Male) |
| 4:12 | Create | Villager (Male) |
| 4:12 | Create | Villager (Male) |
| 4:12 | Create | Villager (Male) |
| 5:04 | Create | Villager (Male) |
| 5:04 | Create | Villager (Male) |
| 5:25 | Create | Villager (Male) |
| 5:26 | Create | Villager (Male) |
| 5:26 | Create | Villager (Male) |
| 5:26 | Create | Villager (Male) |
| 5:26 | Create | Villager (Male) |
| 5:33 | Build | Mill |
| 5:45 | Create | Villager (Male) |
| 6:04 | Build | House |
| 6:15 | Create | Villager (Male) |
| 8:00 | Create | Villager (Male) |
| 8:02 | Build | Mining Camp |
| 8:10 | Build | Farm |
| 8:17 | Build | Farm |
| 8:22 | Create | Villager (Male) |
| 8:25 | Research | Feudal Age |
| 8:44 | Build | Mill |
| 10:29 | Build | House |
| 10:39 | Create | Villager (Male) |
| 10:39 | Create | Villager (Male) |
| 10:46 | Build | Farm |
| 10:47 | Build | Farm |
| 10:50 | Build | Farm |
| 10:58 | Build | Farm |
| 11:00 | Age | Feudal Age |
| 11:02 | Build | Blacksmith |
| 11:03 | Build | Market |
| 12:00 | Research | Castle Age |
| 12:00 | Research | Castle Age |
| 12:27 | Build | Barracks |
| 12:37 | Research | Double-Bit Axe |
| 13:05 | Research | Horse Collar |
| 13:06 | Research | Horse Collar |
| 13:35 | Research | Scale Mail Armor |
| 13:35 | Research | Forging |
| 14:03 | Build | House |
| 14:12 | Create | Villager (Male) |
| 14:33 | Create | Villager (Male) |
| 14:40 | Age | Castle Age |
| 14:43 | Build | Town Center |
| 14:56 | Create | Villager (Male) |
| 14:57 | Create | Villager (Male) |
| 15:03 | Build | Siege Workshop |
| 15:12 | Create | Villager (Male) |
| 15:43 | Build | House |
| 15:46 | Create | Militia |
| 15:50 | Research | Man-at-Arms (upgrade) |
| 16:08 | Build | Barracks |
| 16:13 | Create | Villager (Male) |
| 16:30 | Create | Villager (Male) |
| 16:30 | Create | Villager (Male) |
| 16:39 | Build | Farm |
| 16:41 | Build | Farm |
| 16:47 | Create | Villager (Male) |
| 16:47 | Create | Villager (Male) |
| 16:49 | Build | Farm |
| 16:54 | Build | House |
| 17:06 | Create | Villager (Male) |
| 17:06 | Create | Villager (Male) |
| 17:16 | Create | Battering Ram |
| 17:30 | Build | Lumber Camp |
| 17:32 | Create | Villager (Male) |
| 17:32 | Create | Villager (Male) |
| 17:37 | Build | Farm |
| 17:39 | Build | Farm |
| 17:41 | Build | Farm |
| 17:45 | Build | Farm |
| 17:50 | Create | Villager (Male) |
| 17:52 | Create | Villager (Male) |
| 17:52 | Create | Villager (Male) |
| 17:57 | Build | Farm |
| 18:11 | Build | Farm |
| 18:13 | Build | Farm |
| 18:14 | Create | Militia |
| 18:14 | Create | Militia |
| 18:25 | Build | Farm |
| 18:29 | Build | Farm |
| 18:33 | Build | Farm |
| 18:39 | Create | Villager (Male) |
| 18:40 | Build | Farm |
| 18:44 | Build | Farm |
| 18:46 | Create | Militia |
| 18:47 | Create | Militia |
| 19:00 | Create | Villager (Male) |
| 19:01 | Create | Villager (Male) |
| 19:05 | Create | Battering Ram |
| 19:11 | Build | Farm |
| 19:13 | Create | Villager (Male) |
| 19:25 | Create | Villager (Male) |
| 19:25 | Create | Villager (Male) |
| 19:27 | Create | Militia |
| 19:27 | Create | Militia |
| 19:29 | Build | House |
| 19:46 | Create | Battering Ram |
| 19:58 | Research | Long Swordsman (upgrade) |
| 20:02 | Create | Villager (Male) |
| 20:10 | Create | Villager (Male) |
| 20:23 | Research | Gambesons |
| 20:26 | Create | Villager (Male) |
| 20:26 | Create | Villager (Male) |
| 20:29 | Build | Farm |
| 20:35 | Build | Farm |
| 20:36 | Create | Villager (Male) |
| 20:36 | Create | Villager (Male) |
| 20:43 | Create | Battering Ram |
| 20:44 | Build | House |
| 20:52 | Build | House |
| 20:53 | Build | House |
| 20:53 | Build | House |
| 20:54 | Build | House |
| 20:54 | Build | House |
| 21:04 | Create | Militia |
| 21:04 | Create | Militia |
| 21:11 | Build | Barracks |
| 21:17 | Create | Militia |
| 21:21 | Research | Forging |
| 21:24 | Create | Villager (Male) |
| 21:25 | Create | Villager (Male) |
| 21:33 | Build | Farm |
| 21:35 | Build | Farm |
| 21:37 | Build | Farm |
| 21:39 | Create | Villager (Male) |
| 21:40 | Create | Villager (Male) |
| 21:48 | Create | Militia |
| 21:56 | Create | Spearman |
| 21:56 | Create | Militia |
| 21:56 | Create | Spearman |
| 21:56 | Create | Militia |
Build order — uchida_inori
First 150 of 408 actions detected
| 0:01 | Create | Villager (Male) |
| 0:01 | Create | Villager (Male) |
| 0:01 | Create | Villager (Male) |
| 0:03 | Build | House |
| 0:04 | Build | House |
| 0:24 | Create | Villager (Male) |
| 0:24 | Create | Villager (Male) |
| 1:40 | Create | Villager (Male) |
| 1:40 | Create | Villager (Male) |
| 1:52 | Build | Lumber Camp |
| 2:05 | Create | Villager (Male) |
| 2:05 | Create | Villager (Male) |
| 2:24 | Create | Villager (Male) |
| 2:47 | Create | Villager (Male) |
| 3:05 | Create | Villager (Male) |
| 3:07 | Build | House |
| 3:09 | Build | House |
| 3:10 | Build | House |
| 3:31 | Create | Villager (Male) |
| 3:35 | Build | House |
| 3:45 | Create | Villager (Male) |
| 4:00 | Build | Palisade Wall |
| 4:20 | Build | Building 804 |
| 4:34 | Build | Building 804 |
| 4:36 | Create | Villager (Male) |
| 5:01 | Create | Villager (Male) |
| 5:01 | Create | Villager (Male) |
| 5:01 | Create | Villager (Male) |
| 5:20 | Build | Mill |
| 5:46 | Create | Villager (Male) |
| 5:46 | Create | Villager (Male) |
| 6:03 | Build | Building 804 |
| 6:19 | Create | Villager (Male) |
| 6:19 | Create | Villager (Male) |
| 6:22 | Create | Villager (Male) |
| 6:56 | Create | Villager (Male) |
| 6:56 | Create | Villager (Male) |
| 7:11 | Build | Palisade Wall |
| 7:13 | Build | Palisade Wall |
| 7:27 | Create | Villager (Male) |
| 7:33 | Create | Villager (Male) |
| 8:31 | Build | Farm |
| 8:37 | Build | Mining Camp |
| 8:46 | Build | Farm |
| 9:06 | Create | Villager (Male) |
| 9:06 | Create | Villager (Male) |
| 9:21 | Research | Feudal Age |
| 10:59 | Create | Villager (Male) |
| 11:07 | Build | Farm |
| 11:41 | Age | Feudal Age |
| 11:46 | Build | Market |
| 11:52 | Build | Blacksmith |
| 12:01 | Create | Villager (Male) |
| 12:38 | Research | Castle Age |
| 12:59 | Research | Double-Bit Axe |
| 13:29 | Create | Villager (Male) |
| 13:37 | Create | Villager (Male) |
| 13:46 | Research | Horse Collar |
| 13:48 | Create | Villager (Male) |
| 14:45 | Create | Villager (Male) |
| 15:18 | Age | Castle Age |
| 15:21 | Build | Town Center |
| 15:27 | Build | House |
| 15:33 | Build | Monastery |
| 15:34 | Create | Villager (Male) |
| 15:34 | Create | Villager (Male) |
| 15:46 | Build | Town Center |
| 15:55 | Create | Villager (Male) |
| 15:57 | Build | Farm |
| 16:08 | Build | House |
| 16:11 | Create | Missionary |
| 16:17 | Create | Villager (Male) |
| 16:26 | Create | Villager (Male) |
| 16:28 | Create | Villager (Male) |
| 16:29 | Build | Farm |
| 16:31 | Build | Farm |
| 16:35 | Build | Farm |
| 16:48 | Build | Farm |
| 16:51 | Build | House |
| 16:53 | Build | House |
| 17:03 | Create | Missionary |
| 17:17 | Create | Villager (Male) |
| 17:17 | Create | Villager (Male) |
| 17:18 | Create | Villager (Male) |
| 17:25 | Build | Farm |
| 17:26 | Build | Farm |
| 17:28 | Build | Farm |
| 17:32 | Build | Farm |
| 17:34 | Build | Farm |
| 17:35 | Build | Farm |
| 17:35 | Build | Farm |
| 17:36 | Build | Farm |
| 17:37 | Build | Farm |
| 17:39 | Build | Farm |
| 17:42 | Create | Villager (Male) |
| 17:44 | Build | House |
| 17:45 | Build | House |
| 17:50 | Create | Villager (Male) |
| 17:51 | Create | Villager (Male) |
| 17:54 | Build | Farm |
| 18:07 | Create | Villager (Male) |
| 18:09 | Build | Farm |
| 18:12 | Create | Villager (Male) |
| 18:14 | Build | House |
| 18:27 | Create | Villager (Male) |
| 18:31 | Build | House |
| 18:34 | Build | House |
| 18:43 | Create | Villager (Male) |
| 18:43 | Create | Villager (Male) |
| 18:43 | Create | Villager (Male) |
| 18:43 | Create | Villager (Male) |
| 19:03 | Create | Villager (Male) |
| 19:03 | Create | Villager (Male) |
| 19:04 | Create | Villager (Male) |
| 19:11 | Build | House |
| 19:14 | Build | House |
| 19:22 | Create | Villager (Male) |
| 19:23 | Create | Villager (Male) |
| 19:23 | Create | Villager (Male) |
| 19:32 | Build | Farm |
| 19:39 | Create | Villager (Male) |
| 19:44 | Build | House |
| 19:45 | Build | House |
| 19:47 | Build | House |
| 19:50 | Create | Villager (Male) |
| 19:50 | Create | Villager (Male) |
| 19:51 | Create | Villager (Male) |
| 20:06 | Create | Villager (Male) |
| 20:07 | Create | Villager (Male) |
| 20:17 | Create | Villager (Male) |
| 20:28 | Create | Villager (Male) |
| 20:32 | Build | House |
| 20:34 | Build | Lumber Camp |
| 20:38 | Create | Villager (Male) |
| 20:38 | Create | Villager (Male) |
| 20:41 | Build | Mill |
| 20:42 | Build | Farm |
| 20:42 | Build | Farm |
| 20:42 | Build | Farm |
| 20:43 | Build | Farm |
| 20:43 | Build | Farm |
| 20:43 | Build | Farm |
| 20:43 | Build | Farm |
| 21:01 | Create | Villager (Male) |
| 21:05 | Create | Missionary |
| 21:09 | Build | House |
| 21:10 | Build | House |
| 21:21 | Create | Villager (Male) |
| 21:22 | Create | Villager (Male) |
| 21:22 | Create | Villager (Male) |
Build order — Titi
First 150 of 524 actions detected
| 0:01 | Create | Villager (Male) |
| 0:01 | Create | Villager (Male) |
| 0:02 | Build | House |
| 0:04 | Build | House |
| 0:15 | Create | Villager (Male) |
| 0:22 | Create | Villager (Male) |
| 0:22 | Create | Villager (Male) |
| 1:24 | Create | Villager (Male) |
| 1:24 | Create | Villager (Male) |
| 1:55 | Build | Lumber Camp |
| 1:58 | Create | Villager (Male) |
| 1:58 | Create | Villager (Male) |
| 2:14 | Create | Villager (Male) |
| 2:14 | Create | Villager (Male) |
| 2:44 | Create | Villager (Male) |
| 2:58 | Create | Villager (Male) |
| 2:58 | Create | Villager (Male) |
| 3:27 | Build | House |
| 3:37 | Create | Villager (Male) |
| 3:38 | Create | Villager (Male) |
| 3:45 | Create | Villager (Male) |
| 3:46 | Create | Villager (Male) |
| 4:18 | Create | Villager (Male) |
| 4:55 | Create | Villager (Male) |
| 4:55 | Create | Villager (Male) |
| 5:00 | Build | House |
| 5:01 | Build | House |
| 5:05 | Create | Villager (Male) |
| 5:32 | Build | Mill |
| 5:45 | Create | Villager (Male) |
| 6:10 | Create | Villager (Male) |
| 6:43 | Build | Mill |
| 6:59 | Create | Villager (Male) |
| 7:08 | Create | Villager (Male) |
| 7:12 | Build | Lumber Camp |
| 7:18 | Create | Villager (Male) |
| 7:36 | Create | Villager (Male) |
| 8:07 | Create | Villager (Male) |
| 8:17 | Build | Farm |
| 8:21 | Build | Farm |
| 8:28 | Research | Feudal Age |
| 8:49 | Build | Mining Camp |
| 10:32 | Create | Villager (Male) |
| 11:01 | Create | Villager (Male) |
| 11:21 | Age | Feudal Age |
| 11:24 | Build | Market |
| 11:27 | Build | Blacksmith |
| 11:39 | Research | Double-Bit Axe |
| 12:11 | Research | Castle Age |
| 12:12 | Research | Castle Age |
| 12:15 | Research | Horse Collar |
| 13:07 | Build | House |
| 13:09 | Build | House |
| 13:11 | Build | House |
| 13:19 | Build | Farm |
| 13:19 | Build | Farm |
| 13:20 | Build | Farm |
| 13:20 | Build | Farm |
| 13:20 | Build | Farm |
| 13:55 | Build | Farm |
| 14:00 | Create | Villager (Male) |
| 14:49 | Build | House |
| 14:51 | Age | Castle Age |
| 14:58 | Build | Town Center |
| 15:03 | Research | Bow Saw |
| 15:08 | Create | Villager (Male) |
| 15:33 | Build | Town Center |
| 15:43 | Create | Villager (Male) |
| 15:48 | Build | Farm |
| 15:52 | Create | Villager (Male) |
| 15:52 | Create | Villager (Male) |
| 15:53 | Research | Loom |
| 15:57 | Create | Villager (Male) |
| 16:14 | Build | Farm |
| 16:21 | Create | Villager (Male) |
| 16:36 | Create | Villager (Male) |
| 16:38 | Create | Villager (Male) |
| 16:44 | Create | Villager (Male) |
| 16:49 | Build | Farm |
| 16:50 | Build | Farm |
| 16:57 | Create | Villager (Male) |
| 16:57 | Create | Villager (Male) |
| 16:59 | Build | Farm |
| 17:02 | Research | Heavy Plow |
| 17:09 | Build | Farm |
| 17:12 | Build | Farm |
| 17:16 | Create | Villager (Male) |
| 17:28 | Build | Farm |
| 17:29 | Build | Farm |
| 17:32 | Build | Farm |
| 17:33 | Create | Villager (Male) |
| 17:34 | Create | Villager (Male) |
| 17:38 | Build | Farm |
| 17:41 | Build | Farm |
| 17:45 | Create | Villager (Male) |
| 17:45 | Create | Villager (Male) |
| 17:55 | Create | Villager (Male) |
| 17:55 | Create | Villager (Male) |
| 18:02 | Build | Farm |
| 18:06 | Build | Farm |
| 18:08 | Create | Villager (Male) |
| 18:08 | Create | Villager (Male) |
| 18:13 | Build | Farm |
| 18:16 | Create | Villager (Male) |
| 18:16 | Create | Villager (Male) |
| 18:26 | Build | Farm |
| 18:28 | Build | Farm |
| 18:29 | Create | Villager (Male) |
| 18:29 | Create | Villager (Male) |
| 18:35 | Build | Farm |
| 18:39 | Create | Villager (Male) |
| 18:48 | Build | House |
| 18:48 | Build | House |
| 18:48 | Build | House |
| 18:49 | Build | House |
| 18:49 | Build | House |
| 18:49 | Build | House |
| 18:52 | Create | Villager (Male) |
| 18:58 | Create | Villager (Male) |
| 19:01 | Build | House |
| 19:02 | Create | Villager (Male) |
| 19:02 | Create | Villager (Male) |
| 19:12 | Create | Villager (Male) |
| 19:19 | Build | Town Center |
| 19:31 | Create | Villager (Male) |
| 19:31 | Create | Villager (Male) |
| 19:34 | Build | Farm |
| 19:34 | Create | Villager (Male) |
| 19:38 | Build | Farm |
| 19:41 | Create | Villager (Male) |
| 19:43 | Build | House |
| 19:44 | Build | House |
| 19:51 | Create | Villager (Male) |
| 19:51 | Create | Villager (Male) |
| 19:54 | Build | Farm |
| 20:01 | Create | Villager (Male) |
| 20:03 | Build | Farm |
| 20:13 | Build | Farm |
| 20:15 | Research | Wheelbarrow |
| 20:18 | Build | Farm |
| 20:21 | Create | Villager (Male) |
| 20:44 | Create | Villager (Male) |
| 20:44 | Create | Villager (Male) |
| 20:46 | Build | Farm |
| 20:51 | Build | Farm |
| 20:55 | Build | Farm |
| 21:00 | Create | Villager (Male) |
| 21:06 | Build | Town Center |
| 21:10 | Create | Villager (Male) |
| 21:10 | Create | Villager (Male) |
Build order — 归来仍只会种田
First 150 of 375 actions detected
| 0:02 | Create | Villager (Male) |
| 0:03 | Create | Villager (Male) |
| 0:04 | Build | House |
| 0:05 | Build | House |
| 0:24 | Create | Villager (Male) |
| 0:24 | Create | Villager (Male) |
| 0:24 | Create | Villager (Male) |
| 1:27 | Create | Villager (Male) |
| 1:28 | Create | Villager (Male) |
| 1:59 | Create | Villager (Male) |
| 2:00 | Create | Villager (Male) |
| 2:21 | Create | Villager (Male) |
| 2:58 | Create | Villager (Male) |
| 3:06 | Create | Villager (Male) |
| 3:44 | Create | Villager (Male) |
| 3:44 | Create | Villager (Male) |
| 4:07 | Create | Villager (Male) |
| 4:07 | Create | Villager (Male) |
| 4:32 | Create | Villager (Male) |
| 4:32 | Create | Villager (Male) |
| 4:37 | Research | Loom |
| 4:40 | Build | House |
| 4:51 | Create | Villager (Male) |
| 4:52 | Create | Villager (Male) |
| 4:52 | Create | Villager (Male) |
| 5:31 | Build | Mill |
| 5:53 | Create | Villager (Male) |
| 5:53 | Create | Villager (Male) |
| 5:54 | Create | Villager (Male) |
| 6:05 | Build | Mill |
| 6:20 | Create | Villager (Male) |
| 6:29 | Build | House |
| 7:27 | Create | Villager (Male) |
| 7:37 | Build | Mule Cart |
| 7:57 | Create | Villager (Male) |
| 8:17 | Build | Farm |
| 8:21 | Create | Villager (Male) |
| 8:35 | Research | Feudal Age |
| 9:13 | Build | Barracks |
| 9:15 | Build | House |
| 10:04 | Build | House |
| 10:17 | Create | Villager (Male) |
| 10:18 | Create | Villager (Male) |
| 10:35 | Build | Farm |
| 10:58 | Age | Feudal Age |
| 11:02 | Build | Blacksmith |
| 11:14 | Create | Villager (Male) |
| 11:15 | Research | Double-Bit Axe |
| 11:48 | Build | Stable |
| 12:14 | Create | Villager (Male) |
| 12:19 | Build | Farm |
| 12:36 | Create | Villager (Male) |
| 12:39 | Build | Farm |
| 12:55 | Research | Castle Age |
| 13:13 | Build | Farm |
| 13:21 | Research | Horse Collar |
| 13:21 | Research | Horse Collar |
| 13:24 | Build | Farm |
| 13:40 | Create | Spearman |
| 13:46 | Build | Farm |
| 14:00 | Build | Farm |
| 14:29 | Build | House |
| 15:04 | Create | Villager (Male) |
| 15:22 | Build | House |
| 15:44 | Age | Castle Age |
| 16:06 | Build | Monastery |
| 16:10 | Create | Villager (Male) |
| 16:22 | Build | Town Center |
| 16:42 | Create | Villager (Male) |
| 16:50 | Create | Villager (Male) |
| 16:59 | Create | Villager (Male) |
| 17:01 | Create | Villager (Male) |
| 17:11 | Create | Monk |
| 17:13 | Create | Villager (Male) |
| 17:29 | Build | Town Center |
| 17:31 | Create | Villager (Male) |
| 17:31 | Create | Villager (Male) |
| 17:32 | Create | Villager (Male) |
| 17:33 | Create | Villager (Male) |
| 17:33 | Create | Villager (Male) |
| 17:36 | Build | Farm |
| 17:36 | Build | Farm |
| 17:44 | Create | Villager (Male) |
| 17:44 | Create | Villager (Male) |
| 17:56 | Create | Monk |
| 18:00 | Create | Villager (Male) |
| 18:04 | Build | Farm |
| 18:25 | Create | Villager (Male) |
| 18:40 | Create | Villager (Male) |
| 18:48 | Build | Monastery |
| 18:49 | Create | Villager (Male) |
| 18:58 | Build | Monastery |
| 18:59 | Create | Villager (Male) |
| 19:01 | Build | Farm |
| 19:01 | Create | Villager (Male) |
| 19:06 | Build | Farm |
| 19:17 | Create | Villager (Male) |
| 19:18 | Create | Villager (Male) |
| 19:18 | Create | Villager (Male) |
| 19:21 | Build | Farm |
| 19:23 | Build | Farm |
| 19:30 | Build | Farm |
| 19:35 | Research | Bow Saw |
| 19:45 | Create | Villager (Male) |
| 19:48 | Create | Villager (Male) |
| 19:49 | Create | Villager (Male) |
| 19:49 | Create | Villager (Male) |
| 20:02 | Build | House |
| 20:03 | Build | House |
| 20:03 | Create | Villager (Male) |
| 20:05 | Build | Farm |
| 20:10 | Build | Farm |
| 20:12 | Build | Farm |
| 20:15 | Create | Villager (Male) |
| 20:19 | Build | House |
| 20:22 | Create | Villager (Male) |
| 20:47 | Create | Villager (Male) |
| 20:48 | Create | Villager (Male) |
| 20:48 | Create | Villager (Male) |
| 20:54 | Build | Town Center |
| 21:01 | Create | Villager (Male) |
| 21:06 | Build | House |
| 21:06 | Build | House |
| 21:07 | Create | Villager (Male) |
| 21:16 | Build | Outpost |
| 21:18 | Create | Villager (Male) |
| 21:25 | Create | Villager (Male) |
| 21:26 | Create | Villager (Male) |
| 21:29 | Build | Farm |
| 21:30 | Build | Farm |
| 21:34 | Build | Farm |
| 21:35 | Create | Villager (Male) |
| 21:41 | Build | Farm |
| 21:42 | Build | Farm |
| 21:44 | Build | Farm |
| 21:50 | Build | Farm |
| 21:50 | Create | Villager (Male) |
| 21:53 | Build | Farm |
| 21:54 | Create | Villager (Male) |
| 22:03 | Build | House |
| 22:17 | Build | House |
| 22:18 | Create | Villager (Male) |
| 22:19 | Create | Villager (Male) |
| 22:19 | Create | Villager (Male) |
| 22:19 | Create | Villager (Male) |
| 22:21 | Build | Farm |
| 22:21 | Build | Farm |
| 22:22 | Build | Farm |
| 22:22 | Build | Farm |
| 22:22 | Build | Farm |
Match timeline
| 4:00 | uchida_inori · wall_segment Palisade Wall x1 |
| 7:11 | uchida_inori · wall_segment Palisade Wall x1 |
| 7:13 | uchida_inori · wall_segment Palisade Wall x1 |
| 9:13 | 归来仍只会种田 · first_building Barracks |
| 9:20 | Trunks · first_building Barracks |
| 10:18 | kampert · first_building Barracks |
| 10:57 | [ISOC] Suko · age_up feudal |
| 10:58 | 归来仍只会种田 · age_up feudal |
| 10:59 | kampert · age_up feudal |
| 11:00 | surprise · age_up feudal |
| 11:03 | 夕岚飞鸟还 · age_up feudal |
| 11:12 | kampert · first_building Archery Range |
| 11:21 | Titi · age_up feudal |
| 11:41 | uchida_inori · age_up feudal |
| 11:48 | 归来仍只会种田 · first_building Stable |
| 11:48 | Trunks · age_up feudal |
| 11:51 | Trunks · first_building Stable |
| 12:27 | surprise · first_building Barracks |
| 13:40 | [ISOC] Suko · age_up castle |
| 14:19 | 夕岚飞鸟还 · first_building Barracks |
| 14:34 | kampert · age_up castle |
| 14:39 | surprise · first_market_sell 100 food |
| 14:40 | surprise · age_up castle |
| 14:40 | surprise · first_market_buy 100 wood |
| 14:44 | 夕岚飞鸟还 · age_up castle |
| 14:51 | Titi · age_up castle |
| 15:03 | surprise · first_building Siege Workshop |
| 15:18 | uchida_inori · age_up castle |
| 15:18 | Trunks · age_up castle |
| 15:33 | uchida_inori · first_building Monastery |
| 15:44 | 归来仍只会种田 · age_up castle |
| 16:06 | 归来仍只会种田 · first_building Monastery |
| 17:19 | Titi · first_market_buy 100 stone |
| 18:20 | 夕岚飞鸟还 · first_building Siege Workshop |
| 19:12 | [ISOC] Suko · first_building Castle |
| 19:26 | 夕岚飞鸟还 · wall_segment Stone Wall x1 |
| 20:09 | [ISOC] Suko · wall_segment Stone Wall x12 |
| 21:11 | [ISOC] Suko · wall_segment Stone Wall x3 |
| 23:41 | Trunks · first_building Castle |
| 24:29 | Titi · first_building Barracks |
| 24:48 | 归来仍只会种田 · first_building Siege Workshop |
| 25:03 | Titi · first_building Siege Workshop |
| 25:46 | Titi · first_building Castle |
| 26:02 | uchida_inori · first_building Barracks |
| 26:29 | kampert · first_building Siege Workshop |
| 26:50 | [ISOC] Suko · first_building Stable |
| 26:59 | uchida_inori · first_building Siege Workshop |
| 27:00 | 归来仍只会种田 · first_building Castle |
| 27:59 | kampert · first_market_sell 500 food |
| 28:25 | kampert · first_building Stable |
| 28:54 | [ISOC] Suko · age_up imperial |
| 29:48 | Titi · age_up imperial |
| 29:51 | 归来仍只会种田 · age_up imperial |
| 30:00 | kampert · first_building Castle |
| 30:04 | uchida_inori · age_up imperial |
| 30:23 | 归来仍只会种田 · first_market_sell 100 food |
| 31:09 | kampert · age_up imperial |
| 31:41 | Titi · first_building Stable |
| 32:25 | 夕岚飞鸟还 · age_up imperial |
| 33:06 | 夕岚飞鸟还 · first_building Castle |
| 33:25 | 夕岚飞鸟还 · first_building Archery Range |
| 35:16 | uchida_inori · first_building Stable |
| 35:39 | surprise · age_up imperial |
| 35:49 | surprise · first_building Castle |
| 36:24 | surprise · first_building Monastery |
| 36:39 | 归来仍只会种田 · first_building Archery Range |
| 41:42 | 夕岚飞鸟还 · wall_segment Stone Wall x12 |
| 41:50 | 归来仍只会种田 · resign |
[ AI ANALYSIS · 1 CREDIT ]
What really happened in this match?
Wolo.gg analyzes every decision: build order, eco, micro, common mistakes by bracket. Personalized analysis on WhatsApp or Discord in 30 seconds.
Civ guide
Huns
Map guide
Arena
Perfil
kampert